 Dungeon Crawl Stone Soup version 0.29.0-13-gc9e81de378 (webtiles) character file.

Game seed: 5244279128078215247

669 raistware the Conjurer (level 7, -12/41 HPs)
             Began as an Octopode Conjurer on Sept 8, 2022.
             Mangled by an acid dragon (14 damage)
             ... on level 5 of the Dungeon.
             The game lasted 00:09:38 (4860 turns).

raistware the Conjurer (Octopode Conjurer)          Turns: 4860, Time: 00:09:40

Health: -12/41     AC:  1    Str:  7    XL:     7   Next: 58%
Magic:  7/15       EV: 13    Int: 22    God:
Gold:   190        SH:  0    Dex: 10    Spells: 12/17 levels left

rFire   . . .      SeeInvis +   o - +1 dagger (holy)
rCold   . . .      Faith    .   (no shield)
rNeg    . . .      Spirit   .   (helmet restricted)
rPois   +          Reflect  .   (no amulet)
rElec   .          Harm     .   c - ring of poison resistance
rCorr   .          Rampage  .   l - ring of see invisible
Will    .....                   (no ring)
Stlth   +++.......              (no ring)
HPRegen 0.13/turn               (no ring)
MPRegen 0.14/turn               (no ring)
                                (no ring)
                                (no ring)

@: no status effects
A: almost no armour, amphibious, 8 rings, camouflage 1, gelatinous body 1,
(nimble swimmer 1), tentacles
a: no special abilities


You were on level 5 of the Dungeon.
You visited 1 branch of the dungeon, and saw 4 of its levels.

You collected 190 gold pieces.

Inventory:

Hand Weapons
 o - a +1 dagger of holy wrath (weapon)
Missiles
 r - 4 throwing nets
Jewellery
 c - a ring of poison resistance (left tentacle)
 l - a ring of see invisible (right tentacle)
Wands
 p - a wand of flame (28)
 s - a wand of quicksilver (8)
Scrolls
 a - a scroll of amnesia {unknown}
 f - a scroll of enchant weapon {unknown}
 g - 4 scrolls of teleportation {unknown}
 k - 3 scrolls of vulnerability {unknown}
 m - 3 scrolls of identify {unknown}
 q - a scroll of fog {unknown}
Potions
 b - 6 potions of curing {unknown}
 d - a potion of experience {unknown}
 e - 3 potions of flight {unknown}
 h - 2 potions of invisibility {unknown}
 i - a potion of degeneration {unknown}
 j - 3 potions of heal wounds {unknown}
 n - a potion of mutation {unknown}
 t - 2 potions of might {unknown}


   Skills:
 - Level 2.0 Dodging
 - Level 3.0 Stealth
 + Level 5.9 Spellcasting
 + Level 6.0 Conjurations
 - Level 2.0 Translocations


You had 12 spell levels left.
You knew the following spells:

 Your Spells              Type           Power      Damage    Failure   Level
a - Magic Dart            Conj           100%       1d8       1%          1
b - Iskenderun's Mystic   Conj/Tloc      24%        2d7       17%         4

Your spell library contained the following spells:

 Spells                   Type           Power      Damage    Failure   Level
 Searing Ray              Conj           66%        2d6       1%          2
 Dazzling Flash           Conj/Hex       38%        N/A       8%          3
 Fulminant Prism          Conj/Hex       9%         3d7       26%         4


Dungeon Overview and Level Annotations

Branches:
Dungeon (3/15)

Altars:
Ashenzari


Innate Abilities, Weirdness & Mutations

You cannot wear most types of armour.
You are amphibious.
You can wear up to eight rings at the same time.
Your skin changes colour to match your surroundings (Stealth+).
Your rubbery body absorbs attacks. (AC +1, EV +1)
((You are camouflaged when in or above water. (Stealth+)))
You have tentacles for arms and can constrict up to eight enemies at once.


Message History

The magic dart hits the gnoll.
The gnoll is moderately wounded.
The gnoll shouts!
You hear a roar!
You hear a shout!
The magic dart hits the gnoll but does no damage.
The gnoll is moderately wounded.
The magic dart hits the gnoll.
The gnoll is moderately wounded.
The gnoll hits you with a +0 flail.
The magic dart hits the gnoll.
The gnoll is severely wounded.
The gnoll barely misses you.
The magic dart hits the gnoll.
The gnoll is almost dead.
The gnoll hits you with a +0 flail!
The magic dart hits the gnoll.
You kill the gnoll!
The magic dart hits the acid dragon.
The acid dragon is lightly wounded.
The acid dragon spits acid at you. The splash of acid hits you!!
Ouch! That really hurt!
* * * LOW HITPOINT WARNING * * *
Unknown command.
Aiming: Quicksilver Bolt
Press: ? - help, Shift-Dir - straight line, f/p - acid dragon
Aim: an acid dragon (lightly wounded, 71% to hit)
The bolt of dispelling energy hits the acid dragon!
The acid dragon is heavily wounded.
Aiming: Quicksilver Bolt
Press: ? - help, Shift-Dir - straight line, f/p - acid dragon
Aim: an acid dragon (heavily wounded, 71% to hit)
The bolt of dispelling energy misses the acid dragon.
Aiming: Quicksilver Bolt
Press: ? - help, Shift-Dir - straight line, f/p - acid dragon
Aim: an acid dragon (heavily wounded, 71% to hit)
The bolt of dispelling energy hits the acid dragon!
The acid dragon is almost dead.
You hear a shout!
The acid dragon bites you!
You die...

.... . #.. # ......#..####
..##...........# ........[.......
#...............
#####..........#...
#...#..........#...
###############.@D.).............
.................................
~~~~~≈≈~≈~)~~~≈~~~)...~)~)~~≈~~~~
≈≈~≈≈≈≈≈≈≈≈~≈≈≈≈~≈....~≈~≈≈≈≈≈≈≈≈
≈#####)≈~≈))~≈~~~~)..)~~~≈≈~~~≈~~
≈#...#...)...........)...........
≈#...#############''''###########
≈###'# .#######..).##### ≈≈.#.#
.'...).)....)....


You could see an acid dragon.

Vanquished Creatures
  A phantom (D:5)
  A necrophage (D:5)
  A scorpion (D:5)
  2 howler monkeys (D:5)
  Natasha (D:3)
  An iguana (D:5)
  19 gnolls (D:5)
  4 adders
  2 dart slugs
  16 orcs
  4 ball pythons
  6 endoplasms
  3 giant cockroaches (D:1)
  6 hobgoblins
  13 jackals (D:5)
  4 kobolds
  A quokka (D:1)
  8 bats
  2 frilled lizards
  9 goblins
  5 rats
109 creatures vanquished.

Vanquished Creatures (others)
  A gnoll (D:5)
  3 plants (D:5)
4 creatures vanquished.

Grand Total: 113 creatures vanquished

Notes
Turn   | Place    | Note
-------+----------+-------------------------------------------
     0 | D:1      | raistware the Octopode Conjurer began the quest for the
                  | Orb.
     0 | D:1      | Reached XP level 1. HP: 11/11 MP: 3/3
   345 | D:1      | Reached XP level 2. HP: 17/17 MP: 2/5
   927 | D:1      | Reached XP level 3. HP: 21/21 MP: 3/7
  1719 | D:2      | Found a broken altar of Ashenzari.
  2158 | D:3      | Reached XP level 4. HP: 27/27 MP: 2/10
  2163 | D:3      | Learned a level 4 spell: Iskenderun's Mystic Blast
  2287 | D:3      | Noticed Natasha
  2296 | D:3      | Killed Natasha
  2297 | D:3      | Reached skill level 1 in Translocations
  2788 | D:3      | You fall into a shaft and drop 2 floors!
  2788 | D:5      | Entered Level 5 of the Dungeon
  2905 | D:5      | Reached XP level 5. HP: 12/31 MP: 2/11
  3237 | D:5      | Reached XP level 6. HP: 36/36 MP: 3/12
  3373 | D:5      | Reached skill level 5 in Spellcasting
  3373 | D:5      | Reached skill level 5 in Conjurations
  3536 | D:5      | HP: 1/36 [jackal (2)]
  3540 | D:5      | Reached XP level 7. HP: 1/41 MP: 1/15
  3548 | D:5      | HP: 1/41 [jackal (1)]
  4653 | D:5      | Reached skill level 6 in Conjurations
  4857 | D:5      | HP: 1/41 [acid dragon/splash of acid (30)]
  4860 | D:5      | Mangled by an acid dragon

Illustrated notes

Levels and vault maps discovered:
D:1:      minmay_arrival_three_doors, layout_loops_ring,
          chequers_serial_rivers_large_b
D:2:      layout_loops_ring, basic_altar, bh_walls_and_bars
D:3:      kb_forest_paths, layout_loops_ring, minmay_three_crescents,
          uniq_natasha
D:5:      lemuel_castle_with_subvaults [lemuel_castle_interior_original],
          layout_cave_pools, nicolae_ru_awakened_eye, gammafunk_ghost_hive

Skill      XL: |  1  2  3  4  5  6  7 |
---------------+----------------------+-----
Spellcasting   | 3 4 5 |  5.9
Stealth        | 3 |  3.0
Translocations | 2 |  2.0
Conjurations   | 5 6 |  6.0
Dodging        | |  2.0

Action                   |  1- 3 |  4- 6 |  7- 9 || total
-------------------------+-------+-------+-------++-------
Melee: Unarmed           |    13 |       |       ||    13
       Tentacles         |     3 |     6 |     1 ||    10
       Constrict         |     1 |     8 |     4 ||    13
       Punch             |     1 |       |     2 ||     3
       Dagger            |       |    25 |     7 ||    32
 Cast: Magic Dart        |    73 |    91 |   112 ||   276
       Iskenderun's Myst |       |     2 |     1 ||     3
Evoke: Wand              |       |     1 |     7 ||     8
  Use: Potion            |       |     1 |       ||     1
 Stab: Sleeping          |       |     3 |       ||     3
Armor: Skin              |       |     3 |       ||     3
Dodge: Dodged            |    13 |    20 |    13 ||    46
